 Dungeon Crawl Stone Soup version 0.29.0 (webtiles) character file.

Game seed: 10146651568909105554

4 gelatine the Stinger (level 1, 0/13 HPs)
             Began as a Demonspawn Venom Mage on Aug 24, 2022.
             Slain by a jackal (2 damage)
             ... on level 1 of the Dungeon.
             The game lasted 00:00:45 (106 turns).

gelatine the Stinger (Demonspawn Venom Mage)         Turns: 106, Time: 00:00:47

Health: 0/13       AC:  2    Str:  8    XL:     1   Next: 58%
Magic:  0/3        EV: 12    Int: 16    God:
Gold:   0          SH:  0    Dex: 13    Spells: 3/4 levels left

rFire   . . .      SeeInvis .   d - +0 dagger
rCold   . . .      Faith    .   (no shield)
rNeg    . . .      Spirit   .   a - +0 robe
rPois   .          Reflect  .   (no helmet)
rElec   .          Harm     .   (no cloak)
rCorr   .          Rampage  .   (no gloves)
Will    .....                   (no boots)
Stlth   ++........              (no amulet)
HPRegen 0.04/turn               c - ring of wizardry
MPRegen 0.08/turn               (no ring)

@: no status effects
A: no striking features
a: no special abilities


You were on level 1 of the Dungeon.
You visited 1 branch of the dungeon, and saw 1 of its levels.

Inventory:

Hand Weapons
 d - a +0 dagger (weapon)
Missiles
 f - 3 poisoned darts
Armour
 a - a +0 robe (worn)
Jewellery
 c - a ring of wizardry (left hand)
Potions
 e - a potion of brilliance {unknown}


   Skills:
 + Level 1.8 Dodging
 + Level 1.9 Stealth
 + Level 2.1 Spellcasting
 + Level 0.9 Transmutations
 + Level 3.1 Poison Magic


You had 3 spell levels left.
You knew the following spells:

 Your Spells              Type           Power      Damage    Failure   Level
a - Sting                 Tmut/Pois      32%        1d4       3%          1

Your spell library contained the following spells:

 Spells                   Type           Power      Damage    Failure   Level
 Poisonous Vapours        Pois/Air       12%        N/A       6%          2
 Spider Form              Tmut/Pois      8%         N/A       11%         3
 Ensorcelled Hibernation  Hex/Ice        2%         N/A       12%         2
 Mephitic Cloud           Conj/Pois/Air  5%         N/A       16%         3
 Olgreb's Toxic Radiance  Pois           11%        N/A       22%         4
 Anguish                  Hex/Necr       0%         N/A       58%         4


Dungeon Overview and Level Annotations

Branches:
Dungeon (1/15)

Altars:


Message History

Press: ? - help, Shift-Dir - straight line, f - jackal
Aim: a jackal (almost dead, 60% to hit)
The sting hits the jackal but does no damage.
The jackal is poisoned.
The jackal is almost dead.
The jackal bites you. The jackal misses you.
You hit the jackal but do no damage.
The jackal is almost dead.
You kill the jackal!
You barely miss the jackal. The jackal misses you.
The jackal barely misses you.
You hit the jackal but do no damage. The jackal bites you.
* * * LOW HITPOINT WARNING * * *
Magic courses through your body. The jackal barely misses you.
Casting: Sting (safe; 3% risk of failure)
Confirm with . or Enter, or press ? or * to list all spells.
Aiming: Sting (safe; 3% risk of failure)
Press: ? - help, Shift-Dir - straight line, f - jackal
Aim: a jackal (60% to hit)
The sting hits the jackal.
The jackal is poisoned.
The jackal is moderately wounded.
The jackal barely misses you. The jackal closely misses you.
Casting: Sting (safe; 3% risk of failure)
Confirm with . or Enter, or press ? or * to list all spells.
Aiming: Sting (safe; 3% risk of failure)
Press: ? - help, Shift-Dir - straight line, f/p - jackal
Aim: a jackal (poisoned, 60% to hit)
The sting hits the jackal.
The jackal looks even sicker.
The jackal is moderately wounded.
The jackal misses you.
Casting: Sting (safe; 3% risk of failure)
Confirm with . or Enter, or press ? or * to list all spells.
Aiming: Sting (safe; 3% risk of failure)
Press: ? - help, Shift-Dir - straight line, f/p - jackal
Aim: a jackal (moderately wounded, very poisoned, 60% to hit)
The sting hits the jackal but does no damage.
The jackal looks even sicker.
The jackal is moderately wounded.
The jackal bites you.
You die...

###### #....
..... ... ...
#.# #h#
#######@#
........#####
.#...........#
.............#
#...........#
#...........####
#...............
#...........####
#...........#


You could see a jackal (very poisoned).

Vanquished Creatures
  A goblin (D:1)
  2 jackals (D:1)
  A ball python (D:1)
4 creatures vanquished.

Notes
Turn   | Place    | Note
-------+----------+-------------------------------------------
     0 | D:1      | gelatine the Demonspawn Venom Mage began the quest for the
                  | Orb.
     0 | D:1      | Reached XP level 1. HP: 13/13 MP: 3/3
   106 | D:1      | Slain by a jackal

Illustrated notes

Levels and vault maps discovered:
D:1:      nicolae_arrival_memento_mori, layout_basic, nrook_loot_triangle

Action                   || total
-------------------------++-------
Melee: Dagger            ||    13
 Cast: Sting             ||     9
  Use: Potion            ||     1
Armor: Robe              ||     1
Dodge: Dodged            ||    14
